 Dungeon Crawl Stone Soup version 0.17.1-3-g152610e (webtiles) character file.

138812 Peloso the Fencer (level 16, -8/151 HPs)
             Began as a Minotaur Fighter on Apr 23, 2016.
             Was a High Priest of Okawaru.
             Killed from afar by a deep elf knight (32 damage)
             ... with a shard of ice
             ... on level 2 of the Elven Halls.
             The game lasted 01:57:07 (32251 turns).

Peloso the Fencer (Minotaur Fighter)               Turns: 32251, Time: 01:57:07

Health: -8/151     AC: 36    Str: 24    XL:     16   Next: 72%
Magic:  17/17      EV: 17    Int:  5    God:    Okawaru [*****.]
Gold:   3295       SH: 18    Dex: 17    Spells: 0 memorised, 15 levels left

rFire  . . .     SeeInvis .     B - +4 scimitar (flame)
rCold  . . .     Clarity  .     H - +0 crystal plate armour
rNeg   . . .     SustAt   .     K - +0 shield {reflect}
rPois  .         Gourm    .     V - +1 hat {MR+}
rElec  .         Spirit   .     A - +1 cloak {MR+}
rCorr  +         Warding  .     t - +0 pair of gloves {Dex+3}
rMut   .         Stasis   .     y - +2 pair of boots
MR     ++++.                    p - amulet of resist corrosion
Stlth  ..........               S - ring of protection from magic
                                v - +4 ring of evasion

@: lethally poisoned (-8 -> -8), heroism, incredibly resistant to hostile
enchantments, extremely unstealthy
A: retaliatory headbutt, horns 2
a: Heroism, Finesse, Renounce Religion


You were on level 2 of the Elven Halls.
You worshipped Okawaru.
Okawaru was extremely pleased with you.
You were hungry.

You visited 5 branches of the dungeon, and saw 30 of its levels.
You also visited: Bailey.

You collected 3849 gold pieces.
You spent 554 gold pieces at shops.

Inventory:

Hand Weapons
 B - a +4 scimitar of flaming (weapon)
 C - a +1 double sword of holy wrath
 I - the +1 demon blade of Defence {drain, Stlth+}
   (Okawaru gifted it to you on level 2 of the Elven Halls)

   A truly terrible weapon, it drains the life of those it strikes.
   It makes you more stealthy.
Armour
 a - a +2 hat of see invisible
 t - a +0 pair of gloves of dexterity (worn)
 w - a +1 buckler of poison resistance
 y - a +2 pair of boots (worn)
 z - the +0 cloak of Philately {*Drain rPois MP+9 SInv}
   (You bought it in a shop on level 14 of the Dungeon)

   It protects you from poison.
   It affects your magic capacity (+9).
   It lets you see invisible.
   It causes draining when unequipped.
 A - a +1 cloak of magic resistance (worn)
 H - a +0 crystal plate armour (worn)
 K - a +0 shield of reflection (worn)
 T - the +4 chain mail of Fortitude {rF+ rC+ rCorr Dex+2}
   (Okawaru gifted it to you on level 7 of the Lair of Beasts)

   It affects your dexterity (+2).
   It protects you from fire.
   It protects you from cold.
   It protects you from acid and corrosion.
 V - a +1 hat of magic resistance (worn)
Jewellery
 p - an amulet of resist corrosion (around neck)
 v - a +4 ring of evasion (left hand)
 F - an uncursed ring of flight
 S - a ring of protection from magic (right hand)
Wands
 g - a wand of digging (7)
 D - a wand of disintegration (9)
 E - a wand of paralysis (18)
 Q - a wand of disintegration (10)
Scrolls
 b - 2 scrolls of teleportation
 j - 2 scrolls of magic mapping
 l - 3 scrolls of fear
 n - 11 scrolls of identify
 q - 9 scrolls of remove curse
 s - 5 scrolls of recharging
 u - 4 scrolls of enchant armour
 G - a scroll of amnesia
 L - a scroll of blinking
 M - a scroll of holy word
 Y - 3 scrolls of summoning
 Z - 8 scrolls of enchant weapon
Potions
 c - a potion of magic
 f - 6 potions of curing
 h - 4 potions of agility
 i - 3 potions of haste
 k - 3 potions of heal wounds
 r - a potion of resistance
 x - a potion of berserk rage
Books
 J - a book of the Warp

   Spells                             Type                      Level
   a - Recall                         Summoning/Translocation      3
   b - Gell's Gravitas                Hexes/Translocation          3
   c - Force Lance                    Conjuration/Translocation    4
   d - Phase Shift                    Translocation                5
   e - Warp Weapon                    Charms/Translocation         5
   f - Summon Forest                  Summoning/Translocation      5
Comestibles
 d - 18 fruits
 e - 20 bread rations
 m - 13 meat rations
 o - 4 beef jerkies
 N - 14 royal jellies
 O - 2 slices of pizza


   Skills:
 + Level 16.0(21.0) Fighting
   Level 1.0(17.2) Short Blades
 + Level 19.3(24.3) Long Blades
 + Level 14.6(19.6) Armour
 + Level 7.7(12.7) Dodging
 + Level 1.5(6.5) Stealth
 + Level 17.7(22.7) Shields
 + Level 3.9 Invocations
 + Level 1.5 Evocations


You had 15 spell levels left.
You didn't know any spells.

Dungeon Overview and Level Annotations

Branches:
Dungeon (15/15)            Temple (1/1) D:4            Lair (8/8) D:8
  Swamp (0/4) Lair:4       Spider (0/4) Lair:6        Slime (0/6) Lair:8
    Orc (4/4) D:9             Elf (2/3) Orc:4        Vaults (0/5) D:14
 Depths (0/5) D:15

Altars:
Ashenzari
Cheibriados
Dithmenos
Elyvilon
Fedhas
Gozag
Kikubaaqudgha
Makhleb
Nemelex Xobeh
Okawaru
Qazlal
Ru
Sif Muna
Trog
Vehumet
Xom
Yredelemnul
Zin
The Shining One
Beogh
Jiyva

Shops:
D:5 [   D:14 [[   Orc:3 *   Orc:4 [:!!


Innate Abilities, Weirdness & Mutations

You reflexively headbutt those who attack you in melee.
You have a pair of horns on your head.


Message History

A shard of ice appears from out of thin air!
The shard of ice hits you!
* * * LOW HITPOINT WARNING * * *
You slice something!! You burn something! Something blocks your attack.
You hear some strange, mumbled words.
A shard of ice appears from out of thin air!
The shard of ice misses you. Something blocks your attack.
Something hits you but does no damage.
Unknown command.
Your crystal plate armour prevents you from hitting something.
Your headbutt misses something.
You feel sick.
You hear a loud twanging sound.
An arrow of flame appears from out of thin air!
The arrow of flame hits you but does no damage.
The arrow of flame burns you.
* * * LOW HITPOINT WARNING * * *
You hear some strange, mumbled words.
A shard of ice appears from out of thin air!
The shard of ice hits you!
You die...

...................#.
.........)...(.......
.##.....###.....##...
##.#.''#++.#.## .#
#####...##### # #'''#
##)## #≈(§# #≈@≈#
##§(≈## #§§.≈≈#
#≈≈.≈≈#
#####≈≈(≈≈#####
#.............#
###.........### ###
## ####...####
###8###8 #...#
#.......


There were no monsters in sight!

Vanquished Creatures
  Wiglaf (Elf:2)
  Donald (Elf:1)
  An orc warlord (Orc:4)
  Maud (Orc:4)
  Nessos (D:15)
  2 deep elf demonologists (Elf:1)
  A deep elf annihilator (Elf:1)
  Azrael (D:15)
  The ghost of Starve the Fighter, a journeyman OgSu of Makhleb (D:12)
  Snorg (Lair:3)
  Josephine (D:10)
  Harold (Lair:2)
  3 catoblepae (Lair:8)
  9 hydras
  Erica (D:10)
  An ogre mage (D:15)
  4 dancing weapons (Elf:2)
  A centaur warrior (D:14)
  13 death yaks
  Urug (D:15)
  Sonja (D:10)
  The ghost of nebel the Nimble, a novice KoBe of Trog (D:9)
  13 deep elf knights
  6 deep elf summoners
  The ghost of GFox the Shield-Bearer, a novice FoFi of Okawaru (D:5)
  An unseen horror (D:12)
  An orc knight (Orc:1)
  A necromancer (D:14)
  15 deep elf conjurers
  3 hill giants
  The ghost of TugoseryaHuesosov the Insei, a novice DsMo of Cheibriados (D:8)
  3 griffons
  A cyclops (D:15)
  6 orc sorcerers (Orc:4)
  7 ugly things
  A naga mage (D:15)
  A guardian serpent (shapeshifter) (Elf:1)
  Maurice (D:8)
  5 black mambas
  21 elephants
  2 gargoyles
  2 centaur skeletons
  6 komodo dragons
  15 spiny frogs
  7 fire drakes
  A freezing wraith (D:14)
  The ghost of swiech the Ruffian, an amateur TrMo of the Shining One (D:4)
  A merfolk (D:13)
  A queen bee (Lair:1)
  8 deep elf priests
  11 blink frogs
  4 two-headed ogres
  3 polar bears
  10 trolls
  A boulder beetle (Lair:7)
  6 slime creatures (D:15)
  3 shadows
  7 wraiths
  20 deep elf fighters
  4 wyverns
  13 deep elf magi
  The ghost of Peloso the Shield-Bearer, an amateur MiFi (D:3)
  81 yaks
  A centaur simulacrum (D:14)
  4 vampire mosquitoes (D:12)
  Grum (D:8)
  14 hippogriffs
  14 wolves
  5 humans (Lair:4)
  7 basilisks
  2 fire elementals (D:15)
  5 hungry ghosts
  12 wargs
  13 porcupines
  2 eyes of draining
  5 hell hounds
  4 sky beasts
  A black bear (D:9)
  21 water moccasins
  44 orc warriors
  5 ice beasts
  18 ogres
  3 phantoms
  A necrophage (D:12)
  15 crocodiles
  20 centaurs
  A brain worm (D:12)
  4 big kobolds
  A giant frog (shapeshifter) (Elf:1)
  24 giant frogs
  A gnoll sergeant (D:5)
  A water moccasin zombie (D:6)
  A wyvern skeleton (D:12)
  10 wights
  23 killer bees
  6 scorpions
  9 crimson imps
  4 centaur zombies
  3 electric eels (D:9)
  2 jellies
  30 orc priests
  2 quasits
  Crazy Yiuf (D:6)
  5 giant frog skeletons
  2 giant frog zombies
  62 orc wizards
  7 iguanas
  11 hounds
  13 worker ants
  7 sheep
  A hound skeleton (D:10)
  4 gnolls (D:5)
  2 worker ant zombies
  14 adders
  46 river rats
  6 shadow imps
  An adder skeleton (D:6)
  3 worms
  10 giant geckos
  281 orcs
  7 hobgoblins
  9 jackals
  20 kobolds
  5 quokkas
  A ball python (D:1)
  9 bats
  8 giant cockroaches
  7 giant newts
  20 goblins
  A jackal zombie (D:5)
  A quokka skeleton (D:4)
  A quokka zombie (D:8)
  10 rats
  A bush (D:2)
  A fungus (Lair:2)
  A plant (Lair:7)
1261 creatures vanquished.

Vanquished Creatures (others)
  A deep elf fighter (Elf:1)
  2 orc wizards
  4 fungi
  A plant (Lair:8)
8 creatures vanquished.

Grand Total: 1269 creatures vanquished

Notes
Turn   | Place    | Note
--------------------------------------------------------------
     0 | D:1      | Peloso the Minotaur Fighter began the quest for the Orb.
     0 | D:1      | Reached XP level 1. HP: 19/19 MP: 0/0
   107 | D:1      | Reached XP level 2. HP: 27/27 MP: 1/1
   170 | D:1      | Reached skill level 4 in Fighting
   766 | D:2      | Reached XP level 3. HP: 11/33 MP: 2/2
  1194 | D:2      | Reached skill level 1 in Dodging
  1802 | D:3      | Reached XP level 4. HP: 38/40 MP: 3/3
  1831 | D:2      | HP: 2/41 [orc/mace (6)]
  2106 | D:2      | Reached XP level 5. HP: 43/47 MP: 4/4
  2345 | D:3      | Noticed Peloso's ghost (amateur MiFi)
  2353 | D:3      | Killed Peloso's ghost
  2353 | D:3      | Reached skill level 5 in Shields
  2353 | D:3      | Reached XP level 6. HP: 39/53 MP: 5/5
  2805 | D:4      | Reached skill level 5 in Armour
  3154 | D:4      | Reached skill level 5 in Fighting
  3209 | D:4      | Found a staircase to the Ecumenical Temple.
  3227 | Temple   | Entered the Ecumenical Temple
  3311 | D:4      | Reached XP level 7. HP: 58/61 MP: 6/6
  3381 | D:4      | Noticed swiech's ghost (amateur TrMo)
  3401 | D:4      | Killed swiech's ghost
  3401 | D:4      | Reached skill level 6 in Armour
  3713 | D:5      | Entered Level 5 of the Dungeon
  3778 | D:5      | Reached XP level 8. HP: 29/69 MP: 7/7
  3816 | D:5      | Found Teankuh's Armour Shop.
  3979 | D:5      | Noticed GFox's ghost (novice FoFi)
  4015 | D:5      | Killed GFox's ghost
  4015 | D:5      | Reached skill level 7 in Armour
  4015 | D:5      | Reached skill level 5 in Dodging
  4129 | D:5      | Found an opulent altar of Gozag.
  4580 | D:6      | Reached XP level 9. HP: 68/78 MP: 8/8
  4626 | D:6      | Noticed TugoseryaHuesosov's ghost (novice DsMo)
  4865 | D:6      | Reached skill level 8 in Shields
  4882 | D:6      | Reached skill level 1 in Stealth
  4998 | D:6      | Noticed Crazy Yiuf
  5008 | D:6      | Killed Crazy Yiuf
  5319 | D:7      | Got a steaming rapier
  5320 | D:7      | Identified the +10 rapier of Superiority {freeze, *Noise rElec rPois rN++} (You found it on level 7 of the Dungeon)
  5916 | D:8      | Found a glowing silver altar of Zin.
  5917 | D:8      | Found an iron altar of Okawaru.
  5919 | D:8      | Found a glowing golden altar of the Shining One.
  5921 | D:8      | Found a sparkling altar of Nemelex Xobeh.
  5921 | D:8      | Found a snail-covered altar of Cheibriados.
  5925 | D:8      | Became a worshipper of Warmaster Okawaru
  5998 | D:8      | Reached skill level 9 in Shields
  6104 | D:8      | Killed TugoseryaHuesosov's ghost
  6104 | D:8      | Reached * piety under Okawaru
  6158 | D:8      | Reached XP level 10. HP: 54/88 MP: 9/9
  6210 | D:8      | Noticed Grum
  6274 | D:8      | Killed Grum
  6418 | D:8      | Noticed Maurice
  6428 | D:8      | Killed Maurice
  6428 | D:8      | Reached skill level 10 in Shields
  6455 | D:8      | Found a stormy altar of Qazlal.
  6473 | D:8      | Reached ** piety under Okawaru
  6663 | D:8      | Found a staircase to the Lair.
  7024 | D:9      | Noticed nebel's ghost (novice KoBe)
  7048 | D:9      | Killed nebel's ghost
  7048 | D:9      | Reached skill level 1 in Invocations
  7131 | D:9      | Reached skill level 1 in Short Blades
  7151 | D:9      | Reached *** piety under Okawaru
  7442 | D:9      | Found a staircase to the Orcish Mines.
  7978 | D:9      | Reached skill level 11 in Shields
  8168 | D:9      | Reached XP level 11. HP: 97/97 MP: 8/11
  8170 | D:9      | Reached skill level 1 in Evocations
  8448 | D:10     | Entered Level 10 of the Dungeon
  8677 | D:10     | Noticed Erica
  8688 | D:10     | Killed Erica
  8929 | D:10     | Noticed Josephine
  8940 | D:10     | Killed Josephine
  8940 | D:10     | Reached **** piety under Okawaru
  8940 | D:10     | Reached skill level 10 in Long Blades
  9322 | D:10     | Reached skill level 10 in Armour
  9348 | D:10     | Noticed Sonja
  9352 | D:10     | Killed Sonja
  9352 | D:10     | Reached skill level 10 in Fighting
  9671 | D:11     | Noticed a hill giant
  9677 | D:11     | Killed a hill giant
  9877 | D:11     | Noticed a seven-headed hydra
  9887 | D:11     | Killed a three-headed hydra
  9887 | D:11     | Reached ***** piety under Okawaru
 10278 | D:11     | Reached skill level 12 in Shields
 10784 | D:11     | Received a gift from Okawaru
 10784 | D:11     | Reached XP level 12. HP: 88/107 MP: 9/12
 10906 | D:12     | Noticed Starve's ghost (journeyman OgSu)
 10932 | D:12     | Killed Starve's ghost
 11796 | D:12     | Reached skill level 13 in Long Blades
 11940 | D:12     | Noticed a four-headed hydra
 11949 | D:12     | Killed a one-headed hydra
 12161 | D:13     | Found a flagged portal.
 12185 | Bailey   | Entered a bailey
 12470 | Bailey   | Got a slimy morningstar
 12709 | Bailey   | Identified the +12 morningstar of the Blowfly {crush, rC+ rN+++ Str+5 Dex-5} (You found it in a bailey)
 13357 | D:13     | Received a gift from Okawaru
 13625 | D:14     | Noticed a centaur warrior
 13631 | D:14     | Killed a centaur warrior
 13631 | D:14     | Reached XP level 13. HP: 99/116 MP: 11/13
 13660 | D:14     | Found a gate to the Vaults.
 13839 | D:14     | Reached skill level 14 in Shields
 13861 | D:14     | Found Efaucarpha's Antique Armour Shoppe.
 13866 | D:14     | Bought a bloodstained cloak for 275 gold pieces
 13880 | D:14     | Identified the +0 cloak of Philately {*Drain rPois MP+9 SInv} (You bought it in a shop on level 14 of the Dungeon)
 13998 | D:14     | Found Qeitymis's Armour Shop.
 14374 | D:15     | Entered Level 15 of the Dungeon
 14444 | D:15     | Noticed Urug
 14457 | D:15     | Killed Urug
 14489 | D:15     | Found a sacrificial altar of Ru.
 14775 | D:15     | Noticed Azrael
 14827 | D:15     | Killed Azrael
 15213 | D:15     | Noticed Nessos
 15219 | D:15     | Killed Nessos
 15503 | D:15     | Found a staircase to the Depths.
 15947 | D:15     | Reached ****** piety under Okawaru
 16210 | D:12     | Reached skill level 15 in Long Blades
 16419 | Orc:1    | Entered Level 1 of the Orcish Mines
 16514 | Orc:1    | Received a gift from Okawaru
 16799 | Orc:1    | Reached skill level 15 in Shields
 17085 | Orc:2    | Found a roughly hewn altar of Beogh.
 17596 | Orc:3    | Found Gepreusm's Assorted Antiques.
 17602 | Orc:3    | Bought a shiny buckler for 135 gold pieces
 17679 | Orc:4    | Entered Level 4 of the Orcish Mines
 17770 | Orc:4    | Found a staircase to the Elven Halls.
 17775 | Orc:4    | Noticed an orc warlord
 17796 | Orc:4    | Reached XP level 14. HP: 129/129 MP: 14/14
 17839 | Orc:4    | Killed an orc warlord
 17900 | Orc:4    | Noticed Maud
 17939 | Orc:4    | Killed Maud
 18703 | Orc:4    | Found Yrrievont's Distillery.
 18733 | Orc:4    | Found Keunynlo's Distillery.
 18776 | Orc:4    | Found a roughly hewn altar of Beogh.
 18992 | Orc:4    | Found Hyoqet's Antique Armour Shoppe.
 19017 | Orc:4    | Bought a pair of embroidered gloves for 144 gold pieces
 19036 | Orc:4    | Found Xaifaam's Book Boutique.
 19773 | Orc:3    | Received a gift from Okawaru
 20271 | Lair:1   | Entered Level 1 of the Lair of Beasts
 20479 | Lair:1   | Reached skill level 16 in Long Blades
 21095 | Lair:2   | Noticed Harold
 21104 | Lair:2   | Killed Harold
 21129 | Lair:2   | Got a transparent dagger
 21130 | Lair:2   | Identified the +5 dagger "Ogiruec" {vamp, +Inv rF+ MR+++} (You found it on level 2 of the Lair of Beasts)
 21486 | Lair:3   | Received a gift from Okawaru
 21674 | Lair:3   | Noticed Snorg
 21688 | Lair:3   | Killed Snorg
 22587 | Lair:4   | Found a staircase to the Swamp.
 23497 | Lair:5   | Reached XP level 15. HP: 134/137 MP: 16/16
 23563 | Lair:5   | Reached skill level 17 in Long Blades
 23582 | Lair:5   | Received a gift from Okawaru
 23796 | Lair:5   | Got a pair of warped gloves {god gift}
 23811 | Lair:5   | Identified the +0 pair of gloves of the King of the Hill {Int+4} (Okawaru gifted it to you on level 5 of the Lair of Beasts)
 25124 | Lair:6   | Found a hole to the Spider Nest.
 25992 | Lair:7   | Received a gift from Okawaru
 25995 | Lair:7   | Got a bronze chain mail {god gift}
 26235 | Lair:7   | Identified the +4 chain mail of Fortitude {rF+ rC+ rCorr Dex+2} (Okawaru gifted it to you on level 7 of the Lair of Beasts)
 26668 | Lair:8   | Entered Level 8 of the Lair of Beasts
 26766 | Lair:8   | Reached skill level 18 in Long Blades
 26870 | Lair:8   | Found a viscous altar of Jiyva.
 26870 | Lair:8   | Found a staircase to the Slime Pits.
 27056 | Lair:8   | Reached skill level 15 in Fighting
 27953 | Lair:8   | Reached XP level 16. HP: 149/149 MP: 17/17
 28881 | Elf:1    | Entered Level 1 of the Elven Halls
 29255 | Elf:1    | Received a gift from Okawaru
 31029 | Elf:1    | Noticed a Shadow Fiend
 31108 | Elf:2    | Noticed Donald
 31137 | Elf:1    | Killed Donald
 31137 | Elf:1    | Reached skill level 19 in Long Blades
 31340 | Elf:2    | Noticed a Brimstone Fiend
 31348 | Elf:2    | Noticed a Brimstone Fiend
 31883 | Elf:2    | Received a gift from Okawaru
 31886 | Elf:2    | Got a pitted demon blade {god gift}
 31887 | Elf:2    | Identified the +1 demon blade of Defence {drain, Stlth+} (Okawaru gifted it to you on level 2 of the Elven Halls)
 32127 | Elf:2    | Found a runed gate.
 32127 | Elf:2    | Found a runed gate.
 32127 | Elf:2    | Found a runed gate.
 32192 | Elf:2    | Noticed Wiglaf
 32243 | Elf:2    | Killed Wiglaf
 32251 | Elf:2    | Killed from afar by a deep elf knight

Action                   |  1- 3 |  4- 6 |  7- 9 | 10-12 | 13-15 | 16-18 || total
-------------------------+-------+-------+-------+-------+-------+-------++-------
Melee: Long sword        |   203 |    85 |   406 |   389 |       |       ||  1083
       Rapier            |       |       |    12 |    27 |       |       ||    39
       Scimitar          |       |       |       |   523 |  2003 |   495 ||  3021
       Double sword      |       |       |       |       |    35 |       ||    35
Invok: Heroism           |       |       |       |    12 |    10 |     3 ||    25
       Finesse           |       |       |       |       |     2 |     1 ||     3
Evoke: Wand              |       |       |       |    16 |     5 |     1 ||    22
  Use: Potion            |     1 |     2 |     1 |     2 |     2 |       ||     8
       Scroll            |       |       |    19 |    12 |    10 |     1 ||    42
 Stab: Petrified         |       |       |       |       |     2 |       ||     2
       Petrifying        |       |       |       |       |     1 |       ||     1
  Eat: Chunk             |     3 |     5 |    13 |    32 |    52 |     9 ||   114
       Beef jerky        |       |       |       |       |     2 |     2 ||     4
       Pizza             |       |       |       |       |       |     2 ||     2
